 Dungeon Crawl Stone Soup version 0.31.0-32-g396128a36d (webtiles) character file.

Game seed: 3921086301777519664

16010 imdaedric the Blocker (level 12, -4/110 HPs)
             Began as a Minotaur Fighter on Apr 9, 2024.
             Was an Elder of Makhleb.
             Killed from afar by Urug (9 damage)
             ... with a bolt of light
             ... on level 2 of the Lair of Beasts.
             The game lasted 00:27:20 (13491 turns).

imdaedric the Blocker (Minotaur Fighter)           Turns: 13491, Time: 00:27:21

Health: -4/110     AC: 22    Str: 27    XL:     12   Next: 6%
Magic:  11/11      EV:  7    Int:  5    God:    Makhleb [****..]
Gold:   350        SH:  6    Dex:  8    Spells: 11/11 levels left

rFire   + + +        a - +1 war axe
rCold   + + +        c - +0 buckler
rNeg    . . .        x - +2 plate armour
rPois   .            (helmet restricted)
rElec   .            v - scarf {rC+ rF+}
rCorr   .            B - +4 pair of gloves "Nuesaluo" {Str+2}
SInv    .            (no boots)
Will    +....        f - amulet of the acrobat Stlth
                     z - ring of protection from fire
HPRegen 0.38/turn    F - ring "Hedgh" {rF++ rC++ Will+ Dex-3}
MPRegen 0.12/turn

%: acrobat
@: lethally poisoned (-4 -> -8)
A: horns 2, retaliatory headbutt
a: Renounce Religion, Minor Destruction, Lesser Servant of Makhleb, Major
Destruction


You were on level 2 of the Lair of Beasts.
You worshipped Makhleb.
Makhleb was greatly pleased with you.
You visited 3 branches of the dungeon, and saw 14 of its levels.

You collected 647 gold pieces.
You spent 297 gold pieces at shops.

Inventory:

Hand Weapons
 a - a +1 war axe (weapon)
 r - a +2 whip of venom
Missiles
 q - 22 poisoned darts
 w - 9 atropa-tipped darts (quivered)
 y - 5 throwing nets
Armour
 c - a +0 buckler (worn)
 h - a +3 ring mail of fire resistance
 v - a scarf of resistance (worn)
 x - a +2 plate armour (worn)
 B - the +4 pair of gloves "Nuesaluo" (worn) {Str+2}
   (You found it on level 5 of the Dungeon)

   Str+2:     It affects your strength (+2).
Jewellery
 f - an amulet of the acrobat (around neck)
 n - a +6 ring of intelligence
 z - a ring of protection from fire (left hand)
 A - a ring of resist corrosion
 F - the ring "Hedgh" (right hand) {rF++ rC++ Will+ Dex-3}
   (You took it off an orc priest on level 7 of the Dungeon)

   [ring of willpower]

   Dex-3:     It affects your dexterity (-3).
   rF++:      It greatly protects you from fire.
   rC++:      It greatly protects you from cold.
   Will+:     It increases your willpower.
Wands
 d - a wand of mindburst (15)
 u - a wand of roots (9)
 I - a wand of flame (14)
 L - a wand of polymorph (5)
 M - a wand of digging (7)
Scrolls
 e - 6 scrolls of enchant weapon
 g - 3 scrolls of teleportation
 m - a scroll of butterflies
 o - a scroll of fog
 s - a scroll of revelation
 C - a scroll of vulnerability
 J - a scroll of immolation
Potions
 b - a potion of haste {unknown}
 i - a potion of berserk rage {unknown}
 j - a potion of ambrosia
 k - a potion of heal wounds {unknown}
 l - 4 potions of mutation
 t - 2 potions of resistance
 D - a potion of enlightenment
 E - 2 potions of attraction
 G - a potion of invisibility {unknown}
 H - a potion of magic
 N - a potion of brilliance


   Skills:
 + Level 11.3 Fighting
 + Level 11.0 Axes
 + Level 8.5 Throwing
 + Level 11.3 Armour
 + Level 11.4 Shields


You had 11 spell levels left.
You didn't know any spells.
Your spell library contained the following spells:

 Spells                   Type           Power      Damage    Failure   Level
 Apportation              Tloc           0%         N/A       99%         1
 Foxfire                  Conj/Fire      0%         2x1d4     99%         1
 Kiss of Death            Conj/Necr      0%         2d5       99%         1
 Jinxbite                 Hex            0%         N/A       100%        2
 Scorch                   Fire           0%         2d5       100%        2
 Confusing Touch          Hex            0%         N/A       100%        3
 Frozen Ramparts          Ice            0%         1d1       100%        3
 Summon Ice Beast         Ice/Summ       0%         N/A       100%        3
 Dispel Undead            Necr           0%         3d6       100%        4
 Flame Wave               Conj/Fire      0%         2d4       100%        4
 Leda's Liquefaction      Alch/Erth      0%         N/A       100%        4
 Petrify                  Alch/Erth      0%         N/A       100%        4
 Summon Blazeheart Golem  Fire/Summ      0%         N/A       100%        4
 Alistair's Intoxication  Alch           0%         N/A       100%        5
 Metabolic Englaciation   Hex/Ice        0%         N/A       100%        5
 Summon Mana Viper        Hex/Summ       0%         N/A       100%        5
 Plasma Beam              Fire/Air       0%         2x1d10    100%        6
 Starburst                Conj/Fire      0%         6d3       100%        6
 Summon Cactus Giant      Summ           0%         N/A       100%        6
 Monstrous Menagerie      Summ           0%         N/A       100%        7
 Orb of Destruction       Conj           0%         9d5       100%        7
 Spellforged Servitor     Conj/Summ      0%         N/A       100%        7


Dungeon Overview and Level Annotations

Branches:
Dungeon (11/15)            Temple (1/1) D:4            Lair (2/5) D:11
  Swamp (0/4) Lair:2       Spider (0/4) Lair:2          Orc (0/2) D:9

Altars:
Ashenzari
Cheibriados
Dithmenos
Elyvilon
Fedhas
Gozag
Hepliaklqana
Kikubaaqudgha
Makhleb
Nemelex Xobeh
Okawaru
Qazlal
Ru
Sif Muna
Trog
Uskayaw
Vehumet
Wu Jian
Xom
Yredelemnul
Zin
The Shining One

Shops:
D:8 *   D:10 *([

Portals:
Trove: D:10 (give +7 demon whip)

Annotations:
D:8 3 runed translucent doors, convarich's ghost, novice TrMo
Lair:1 1 runed translucent door, Burzz's ghost, novice MiFi
Lair:2 Urug


Innate Abilities, Weirdness & Mutations

You have a pair of horns on your head.
You reflexively headbutt those who attack you in melee.


Message History

You feel very sick. Urug hits you but does no damage.
You are more poisoned.
The komodo dragon closely misses you.
You slash Urug!
Urug is almost dead.
You hit the komodo dragon but do no damage.
You feel very sick.
Urug zaps a wand.
The bolt of light hits you!
* * * LOW HITPOINT WARNING * * *
The komodo dragon bites you but does no damage.
You hear a loud, deep croak!
Okay, then.
Aiming: Major Destruction (63% risk of failure)
Press: ? - help, Shift-Dir - straight line, f - Urug
Aim: Urug, wielding a +2 demon trident of venom, wearing a +0 chain mail, quivering javelins and carrying a wand of light (almost dead)
You fail to use your ability.
You feel very sick. Urug completely misses you.
The komodo dragon barely misses you. You furiously retaliate!
You headbutt the komodo dragon! You slash the komodo dragon!
You kill the komodo dragon!
Makhleb accepts your kill.
You feel better.
You barely miss Urug.
You feel very sick.
Urug zaps a wand.
The bolt of light hits you.
* * * LOW HITPOINT WARNING * * *
A bullfrog comes into view.
You hit Urug but do no damage.
Urug is almost dead.
You feel sick. Urug closely misses you. You furiously retaliate!
You headbutt Urug! You barely miss Urug.
Urug is almost dead.
* * * LOW HITPOINT WARNING * * *
You feel sick. You block Urug's attack.
It was a potion of cancellation.
You feel magically purged.
You feel sick.
Urug zaps a wand.
The bolt of light hits you!
You die...
Urug screams, "Revenge at last!"

,,,*,,,,,**....#,*##......#.#....
,,,,,,,,,*,.....###.....#.###P...
,,,,,,,,**,,,#...#.....##..P#P..~
,,,,,,,,****,,,,#..##...#....P...
,,,,,,,**##,,,,*##..##...........
*,,,,,,,,...###*##...............
,,,,,,**,,#....##................
,,,,,,,,,,*,#................,,,,
*,,,,,,**,*,#..o@............,,,,
***,,*****,,#................,,,,
****,*****,*#..#...[#.....,,,,,,,
,******,,,,*#..#...F#.....,,,,,,,
,,* ****,...,...........,,,,,,,
,,* *,.##.............,,,,,,,
~,** *#,,.##...........,,,,,,,
~,,* **.#,..........,,,,,,,,,
~,** **,,,,,,,,,,,,,,,,,,,,,


You could see Urug and a bullfrog.

Vanquished Creatures
  Harold (D:10)
  A fire crab (D:11)
  A cyclops (D:11)
  4 elephants (Lair:1)
  A gargoyle (D:11)
  2 black mambas (Lair:1)
  7 cane toads (Lair:1)
  2 rime drakes (Lair:1)
  5 komodo dragons
  2 wraiths
  3 yaks (Lair:1)
  2 wyverns
  3 vampire mosquitoes (D:11)
  A steam dragon (D:6)
  Menkaure (D:6)
  A swamp worm (D:7)
  6 water moccasins
  3 ice beasts
  5 orc warriors
  3 black bears
  11 wolves (Lair:1)
  6 centaurs
  A kobold brigand (D:9)
  A phantom (D:4)
  6 bullfrogs
  A gnoll sergeant (D:10)
  4 scorpions
  8 wights
  8 killer bees
  An electric eel (Lair:1)
  3 bombardier beetles (D:5)
  4 jellies
  2 gnoll boudas
  10 orc priests
  4 hounds
  3 iguanas
  6 sleepcaps
  8 orc wizards
  19 gnolls
  7 adders
  A white imp (D:7)
  2 ufetubi (D:5)
  2 dart slugs (D:4)
  A ribbon worm (D:5)
  29 orcs
  8 ball pythons
  5 endoplasms
  2 giant cockroaches
  13 goblins
  2 hobgoblins
  4 jackals (D:1)
  7 quokkas
  4 bats
  2 frilled lizards (D:2)
  11 kobolds
  3 rats (D:1)
263 creatures vanquished.

Vanquished Creatures (collateral kills)
  A boulder beetle (D:10)
1 creature vanquished.

Grand Total: 264 creatures vanquished

Notes
Turn   | Place    | Note
-------+----------+-------------------------------------------
     0 | D:1      | imdaedric the Minotaur Fighter began the quest for the Orb.
     0 | D:1      | Reached XP level 1. HP: 19/19 MP: 0/0
    98 | D:1      | Reached XP level 2. HP: 27/27 MP: 1/1
   797 | D:2      | Reached XP level 3. HP: 33/33 MP: 2/2
  1262 | D:2      | Reached XP level 4. HP: 40/40 MP: 3/3
  1581 | D:3      | Found a white marble altar of Elyvilon.
  1650 | D:3      | You fall into a shaft and drop 1 floor!
  1657 | D:4      | Noticed an ice beast
  1667 | D:4      | Killed an ice beast
  1668 | D:4      | Reached XP level 5. HP: 47/47 MP: 4/4
  1699 | D:4      | Found a staircase to the Ecumenical Temple.
  1718 | Temple   | Entered the Ecumenical Temple
  1734 | Temple   | Became a worshipper of Makhleb the Destroyer
  1858 | D:3      | Found an iron altar of Okawaru.
  1868 | D:3      | Reached skill level 5 in Shields
  2238 | D:4      | Reached skill level 5 in Fighting
  2238 | D:4      | Reached skill level 5 in Armour
  2478 | D:4      | Noticed a phantom
  2486 | D:4      | Killed a phantom
  2487 | D:4      | Reached XP level 6. HP: 55/56 MP: 5/5
  2578 | D:4      | Reached skill level 1 in Throwing
  2672 | D:4      | Found a stormy altar of Qazlal.
  3256 | D:4      | Reached * piety under Makhleb
  3401 | D:4      | Reached XP level 7. HP: 39/61 MP: 6/6
  3641 | D:5      | Entered Level 5 of the Dungeon
  3658 | D:5      | Reached skill level 5 in Axes
  3726 | D:5      | Identified the +4 pair of gloves "Nuesaluo" {Str+2}
  3851 | D:5      | Found an ancient bone altar of Kikubaaqudgha.
  4268 | D:5      | Found a bloodstained altar of Trog.
  4291 | D:5      | Reached XP level 8. HP: 57/70 MP: 7/7
  5122 | D:6      | Reached ** piety under Makhleb
  5347 | D:6      | Noticed Menkaure
  5355 | D:6      | Killed Menkaure
  5901 | D:6      | Reached XP level 9. HP: 70/79 MP: 8/8
  6218 | D:7      | Identified the ring "Hedgh" {rF++ rC++ Will+ Dex-3}
  6555 | D:7      | Reached skill level 5 in Throwing
  6808 | D:7      | Found an ornate altar of the Wu Jian Council.
  7392 | D:8      | Noticed convarich's ghost (novice TrMo)
  7393 | D:8      | Noticed a cyclops
  7402 | D:8      | Found a runed translucent gate.
  7402 | D:8      | Found a runed translucent gate.
  7402 | D:8      | Found a runed translucent gate.
  7592 | D:8      | Found Zin's Purification Station.
  7596 | D:8      | Found a glowing silver altar of Zin.
  8154 | D:9      | Found a staircase to the Orcish Mines.
  8168 | D:9      | Reached *** piety under Makhleb
  8187 | D:9      | Reached XP level 10. HP: 72/90 MP: 9/9
  8636 | D:9      | Found an opulent altar of Gozag.
  8940 | D:10     | Entered Level 10 of the Dungeon
  8941 | D:10     | Found Keextuff's Antique Armour Shop.
  8949 | D:10     | Bought a glowing scarf for 200 gold pieces
  8960 | D:10     | Found a portal to a secret trove of treasure.
  8960 | D:10     | Found a broken altar of Ashenzari.
  9096 | D:10     | Found Firasebb's Weapon Emporium.
  9271 | D:10     | Found a snail-covered altar of Cheibriados.
  9271 | D:10     | Found a basalt altar of Yredelemnul.
  9295 | D:10     | Found a faded altar of an unknown god.
  9313 | D:10     | Found a faded altar of an unknown god.
  9315 | D:10     | Found a hazy altar of Hepliaklqana.
  9387 | D:10     | Found Wawanypt's General Store.
  9390 | D:10     | Bought a scroll of blinking for 97 gold pieces
  9488 | D:10     | Noticed a boulder beetle
  9507 | D:10     | Killed a boulder beetle
  9710 | D:10     | Noticed Harold
  9725 | D:10     | Killed Harold
  9823 | D:11     | Noticed a gargoyle
  9830 | D:11     | Killed a gargoyle
  9898 | D:11     | Identified the +3 long sword "Arphuhypn" {holy, Int+4}
 10053 | D:11     | Noticed a cyclops
 10063 | D:11     | Killed a cyclops
 10161 | D:11     | Noticed a fire crab
 10162 | D:11     | Found a staircase to the Lair.
 10176 | D:11     | Killed a fire crab
 10177 | D:11     | Reached skill level 10 in Armour
 10177 | D:11     | Reached skill level 10 in Shields
 10177 | D:11     | Reached XP level 11. HP: 86/99 MP: 10/10
 10267 | D:11     | Reached skill level 10 in Fighting
 10458 | D:11     | Reached **** piety under Makhleb
 10709 | Lair:1   | Entered Level 1 of the Lair of Beasts
 10990 | Lair:1   | Reached skill level 10 in Axes
 12004 | Lair:1   | Noticed Burzz's ghost (novice MiFi)
 12005 | Lair:1   | Found a runed translucent door.
 13286 | Lair:1   | Reached XP level 12. HP: 68/110 MP: 11/11
 13474 | Lair:2   | Noticed Urug
 13490 | Lair:2   | HP: 5/110 [poisoned by Urug]
 13491 | Lair:2   | Killed from afar by Urug

Illustrated notes

Levels and vault maps discovered:
D:1:      shiori_arrival_maze, layout_loops_ring, minmay_misc_feat_secret_circle
D:2:      minmay_angry_zag, layout_loops_ring, nicolae_underground_beach
D:3:      layout_basic, mainiacjoe_overflow_alcove_2,
          mainiacjoe_overflow_surrounded_room
D:4:      layout_layer_cave, mainiacjoe_overflow_paths,
          minmay_temple_entry_statues_fountains, minmay_misc_feat_nine_boxes,
          minmay_joined_circles
D:5:      layout_basic, mainiacjoe_overflow_cross_hatched, trog_book
D:6:      layout_loops_corners, lemuel_flame_loot_1, uniq_menkaure
D:7:      layout_cave_pools, nzn_wu_jian_council_hall, worms_lemuel
D:8:      layout_basic, zin_purify, gammafunk_ghost_split
D:9:      layout_cave_pools, nicolae_gozag_cash_rules_everything_around_me,
          orc_0_dummy
D:10:     layout_roguey, chequers_temple_overflow_minitemple,
          mainiacjoe_overflow_boulevard, serial_shops, shop,
          nicolae_shop_real_fake_doors, shop, enter_trove_0,
          dreamdust_wishing_well, nzn_sisyphean_effort, uniq_harold
D:11:     layout_cave_pools, minmay_lair_entry_lava, serial_bayou_pond_a
Temple:   nicolae_temple_bog_church
Lair:1:   layout_cave_pods, hellmonk_ghost_happy_afterlife, beast_lair_carwin_8,
          infiniplex_staircase_pool, serial_bayou_shore_a, grunt_megastairs_5
Lair:2:   layout_cave_shapes, nicolae_swamp_entry_splash_gauntlet,
          spider_nest_entry_web_field, nicolae_volcano_entry_vermiform,
          infiniplex_staircase_pool_2, uniq_urug, uniq_maggie

Skill      XL: |  1  2  3  4  5  6  7  8  9 10 11 12 |
---------------+-------------------------------------+-----
Armour         | 4 5 6 7 8 10 11 | 11.3
Shields        | 4 5 6 7 8 10 11 | 11.4
Axes           | 3 4 5 6 8 9 10 11 | 11.0
Fighting       | 4 5 6 7 8 9 11 | 11.3
Throwing       | 1 3 4 5 7 8 |  8.5

Action                     |  1- 3 |  4- 6 |  7- 9 | 10-12 || total
---------------------------+-------+-------+-------+-------++-------
  Melee: War axe           |    60 |    99 |   277 |   367 ||   803
         Headbutt          |     4 |    11 |    49 |    73 ||   137
  Throw: Dart              |       |       |     5 |     2 ||     7
 Invoke: Minor Destruction |       |       |       |     5 ||     5
         Lesser Servant of |       |       |       |     2 ||     2
    Use: Scroll            |     4 |     3 |     8 |    13 ||    28
         Potion            |       |       |     5 |     4 ||     9
   Stab: Invisible         |       |       |     2 |       ||     2
 Armour: Scale mail        |    19 |       |       |       ||    19
         Ring mail         |    15 |    73 |    64 |       ||   152
         Plate armour      |       |       |   225 |   508 ||   733
  Dodge: Dodged            |    32 |    62 |   145 |   229 ||   468
  Block: Buckler           |    15 |    27 |    84 |   142 ||   268
